 Dungeon Crawl Stone Soup version 0.29-a0-100-g60f898f876 (webtiles) character file.

Game seed: 654533139528844856

49 kae the Covered (level 3, -16/33 HPs)
             Began as a Minotaur Fighter on Feb 14, 2022.
             Demolished by an ogre (24 damage)
             ... on level 2 of the Dungeon.
             The game lasted 00:00:38 (1593 turns).

kae the Covered (Minotaur Fighter)                  Turns: 1593, Time: 00:00:39

Health: -16/33     AC:  7    Str: 22    XL:     3   Next: 53%
Magic:  2/2        EV:  9    Int:  5    God:
Gold:   53         SH:  4    Dex:  9    Spells: 2/2 levels left

rFire   . . .      SeeInvis .   a - +0 flail
rCold   . . .      Faith    .   c - +0 buckler
rNeg    . . .      Spirit   .   b - +0 scale mail
rPois   .          Reflect  .   (helmet restricted)
rElec   .          Harm     .   (no cloak)
rCorr   .          Rampage  .   (no gloves)
Will    .....                   (no boots)
Stlth   ..........              (no amulet)
HPRegen 0.11/turn               (no ring)
MPRegen 0.08/turn               (no ring)

@: no status effects
A: horns 2, retaliatory headbutt
a: no special abilities


You were on level 2 of the Dungeon.
You visited 1 branch of the dungeon, and saw 2 of its levels.

You collected 53 gold pieces.

Inventory:

Hand Weapons
 a - a +0 flail (weapon)
Armour
 b - a +0 scale mail (worn)
 c - a +0 buckler (worn)
Wands
 j - a wand of flame (25)
Scrolls
 e - a scroll of noise {unknown}
 g - a scroll of summoning {unknown}
 h - a scroll of immolation {unknown}
 l - a scroll of identify {unknown}
 n - a scroll of teleportation {unknown}
Potions
 d - a potion of might
 f - a potion of haste {unknown}
 i - a potion of magic {unknown}
 k - a potion of berserk rage {unknown}
 m - 2 potions of mutation {unknown}


   Skills:
 + Level 4.1 Fighting
 * Level 3.5 Maces & Flails
 + Level 4.1 Armour
 + Level 4.0 Shields


You had 2 spell levels left.
You didn't know any spells.
Your spell library contained the following spells:

 Spells                   Type           Power      Damage    Failure   Level
 Sandblast                Erth           0%         2d4       87%         1
 Passwall                 Tmut/Erth      0%         N/A       95%         2
 Stone Arrow              Conj/Erth      0%         3d7       99%         3


Dungeon Overview and Level Annotations

Branches:
Dungeon (2/15)

Altars:

Shops:
D:2 (


Innate Abilities, Weirdness & Mutations

You have a pair of horns on your head.
You reflexively headbutt those who attack you in melee.


Message History

No target in view!
A giant cockroach comes into view.
The giant cockroach bites you but does no damage.
A giant cockroach is nearby!
You thump the giant cockroach!
You kill the giant cockroach!
No target in view!
You see here a giant cockroach corpse.
A bat comes into view.
Found 14 gold pieces.
You barely miss the bat. The bat closely misses you. You furiously retaliate!
You headbutt the bat!
You kill the bat!
No target in view!
You now have 53 gold pieces (gained 14).
An ogre comes into view. It is wielding a +0 giant club.
You sock the ogre!
The ogre is moderately wounded.
The ogre hits you with a +0 giant club!!
Ouch! That really hurt!
* * * LOW HITPOINT WARNING * * *
An ogre is nearby!
You are too injured to fight recklessly!
You are too injured to fight recklessly!
An ogre is nearby!
You are too injured to fight recklessly!
You are too injured to fight recklessly!
An ogre is nearby!
You are too injured to fight recklessly!
You are too injured to fight recklessly!
You are too injured to fight recklessly!
You are too injured to fight recklessly!
You hit the ogre.
The ogre is heavily wounded.
You block the ogre's attack.
You hit the ogre.
The ogre is severely wounded.
The ogre hits you with a +0 giant club!!
Ouch! That really hurt!
You die...

.........# #.# #.#
####.#.#.# #.# #.#
#<##.#.#.# #.# #.#
#.##.#.#.# #.# #.#
.....#.#.# #.# #.#
#.##.#.#.# #.# #.#
.....#.#.# #.# #.#
####.#.#.# #.# #O#
#.#.#.###.###@#
#.#...........#
####.#.#.....###.#
.....#.####### #.#
######.# #.# #.#
#.# #.# #.# ###
###


You could see an ogre.

Vanquished Creatures
  3 dart slugs (D:2)
  2 worms (D:2)
  6 ball pythons
  3 bats
  3 endoplasms
  3 giant cockroaches (D:2)
  3 goblins (D:2)
  3 hobgoblins
  3 kobolds
  2 quokkas
  A frilled lizard (D:1)
32 creatures vanquished.

Notes
Turn   | Place    | Note
-------+----------+-------------------------------------------
     0 | D:1      | kae the Minotaur Fighter began the quest for the Orb.
     0 | D:1      | Reached XP level 1. HP: 19/19 MP: 0/0
   307 | D:1      | Reached XP level 2. HP: 27/27 MP: 1/1
   585 | D:1      | Found a faded altar of an unknown god.
  1042 | D:2      | Reached XP level 3. HP: 26/33 MP: 2/2
  1335 | D:2      | Found Axekya Lufi's Weapon Shoppe.
  1589 | D:2      | Noticed an ogre
  1593 | D:2      | Demolished by an ogre

Illustrated notes

Levels and vault maps discovered:
D:1:      wheals_arrival_shading, layout_loops_cross,
          shapermc_ecumenical_altar_mp_vishouse, feat_on_display
D:2:      layout_basic, serial_shops, nicolae_shop_hallway_stairs,
          minmay_pentomino_o4

Skill      XL: |  1  2  3 |
---------------+----------+-----
Maces & Flails | 3 |  3.5
Fighting       | 4 |  4.1
Armour         | 4 |  4.1
Shields        | 4 |  4.0

Action                   || total
-------------------------++-------
Melee: Flail             ||    55
       Headbutt          ||     2
Armor: Scale mail        ||    24
Dodge: Dodged            ||    26
Block: Buckler           ||    10

Table legend: (Time is in decaauts)
 A = Elapsed time spent in this place.
 B = Non-inter-level travel time spent in this place.
 C = Inter-level travel time spent in this place.
 D = Time resting spent in this place.
 E = Time spent auto-exploring this place.
 F = Levels seen in this place.
 G = Mean time per level.
                   A        B        C        D        E       F      G
               +--------+--------+--------+--------+--------+-----+--------+
         Total |   1610 |   1598 |     12 |      0 |   1412 |   2 |  805.0 |
       Dungeon |   1610 |   1598 |     12 |      0 |   1412 |   2 |  805.0 |
               +--------+--------+--------+--------+--------+-----+--------+

Top non-repeatable levels by time:
     D:1: 888 daAuts
     D:2: 721 daAuts
